 Dungeon Crawl Stone Soup version 0.14.0-26-g1682e81 (webtiles) character file.

1007 Heini the Chopper (level 7, -5/64 HPs)
             Began as a Hill Orc Fighter on Apr 27, 2014.
             Was an Initiate of Okawaru.
             Slain by an orc warrior
             ... wielding a +0,+0 short sword
              (11 damage)
             ... on Level 6 of the Dungeon.
             The game lasted 00:14:35 (4314 turns).

Heini the Chopper (Hill Orc Fighter)                Turns: 4314, Time: 00:14:35

HP  -5/64        AC 14     Str 26      XL: 7   Next: 60%
MP   7/7         EV  5     Int  8      God: Okawaru [......]
Gold 327         SH 20     Dex 10      Spells:  0 memorised,  6 levels left

rFire  . . .     SeeInvis .     a - +1 war axe
rCold  . . .     Clarity  .     G - +0 chain mail
rNeg   . . .     Conserve .     c - +0 shield
rPois  .         rCorr    .     (no helmet)
rElec  .         rRot     .     y - +1 cloak
SustAb . .       Spirit   .     D - +1 pair of gloves
rMut   .         Warding  .     C - +0 pair of boots
Saprov + . .     Stasis   .     (no amulet)
MR     .....                    (no ring)
                                (no ring)

@: mighty, not resistant to hostile enchantments, extremely unstealthy
A: breathe flames 1, saprovore 1
a: Renounce Religion, Breathe Fire


You were on level 6 of the Dungeon.
You worshipped Okawaru.
Okawaru was noncommittal.
You were not hungry.

You visited 2 branches of the dungeon, and saw 7 of its levels.

You collected 327 gold pieces.

Inventory:

Hand weapons
 a - a +1,+1 war axe (weapon)
Armour
 c - a +0 shield (worn)
 y - a +1 cloak (worn)
 C - a +0 pair of boots (worn)
 D - a +1 pair of gloves (worn)
 G - a +0 chain mail (worn)
Comestibles
 b - a chunk of bat flesh
 d - 2 meat rations
 j - 3 bread rations
 n - 2 apples
 K - 5 chunks of centaur flesh
Scrolls
 i - 3 scrolls of teleportation
 p - 3 scrolls of magic mapping
 t - a scroll of amnesia {unknown}
 u - 4 scrolls of remove curse
 x - a scroll of blinking
 A - a scroll of recharging
 F - 4 scrolls of enchant weapon II
 H - a scroll of fear {unknown}
 I - a scroll of fog
 J - a scroll of summoning {unknown}
 M - a scroll of identify
Jewellery
 l - a +3 ring of dexterity {unknown}
 m - an uncursed amulet of conservation {unknown}
 q - an uncursed ring of wizardry {unknown}
 s - a +2 ring of intelligence {unknown}
Potions
 e - a potion of might
 f - a potion of restore abilities {unknown}
 g - a potion of agility
 h - 9 potions of curing
 k - a potion of resistance
 o - a potion of confusion
 r - a potion of brilliance
 w - a potion of flight
 z - a potion of mutation {unknown}
 B - 2 potions of magic
 L - a potion of heal wounds
Books
 v - a book of Cantrips

   Spells                             Type                      Level
   Confusing Touch                    Hexes                        1
   Animate Skeleton                   Necromancy                   1
   Summon Small Mammal                Summoning                    1
   Apportation                        Translocation                1
Magical staves
 E - an uncursed staff of death {unknown}


   Skills:
 * Level 6.5 Fighting
 * Level 7.8 Axes
 - Level 3.8 Armour
 - Level 1.2 Dodging
 - Level 0.1 Stealth
 - Level 4.2 Shields


You had 6 spell levels left.
You didn't know any spells.

Dungeon Overview and Level Annotations

Branches:
Dungeon (6/15)             Temple (1/1) D:4

Altars:
Ashenzari
Cheibriados
Elyvilon
Kikubaaqudgha
Makhleb
Nemelex Xobeh
Okawaru
Vehumet
Xom
Yredelemnul
Zin
Lugonu

Shops:
D:5 [


Innate Abilities, Weirdness & Mutations

You can tolerate rotten meat.
You can breathe flames.


Message History

The orc warrior hits you but does no damage.
You closely miss the orc warrior.
The orc warrior is heavily wounded.
The orc warrior hits you with a short sword.
* * * LOW HITPOINT WARNING * * *
You closely miss the orc warrior.
The orc warrior is heavily wounded.
The orc warrior hits you with a short sword.
* * * LOW HITPOINT WARNING * * *
You hit the orc warrior but do no damage.
The orc warrior is heavily wounded.
The orc warrior hits you with a short sword!
* * * LOW HITPOINT WARNING * * *
Drink which item? (? for menu, Esc to quit)
You feel very mighty all of a sudden. You block the orc warrior's attack.
You slash the orc warrior!
The orc warrior is severely wounded.
The orc warrior hits you with a short sword!
You die... ###### ..... ....# ... oo.

#o#
#o#
#@#
#
#.#
..
#.#
#.#
#.#
#.#
#.#
#.#
#.#


You could see an orc warrior and 3 orcs.

Vanquished Creatures
  A sky beast (D:5)
  An ice beast (D:6)
  A centaur (D:6)
  Blork the orc (D:4)
  A hound (D:4)
  A worker ant (D:5)
  A hound zombie (D:5)
  Terence (D:3)
  7 adders
  3 gnolls (D:2)
  An orc zombie (D:5)
  2 giant mites
  5 worms
  An adder skeleton (D:6)
  7 giant geckos
  An ooze (D:2)
  13 orcs
  A bat zombie (D:6)
  4 giant cockroaches
  2 goblins
  14 hobgoblins
  3 jackals (D:5)
  2 quokkas
  2 ball pythons (D:2)
  9 bats
  4 giant newts
  8 kobolds
  An orc skeleton (D:4)
  8 rats
106 creatures vanquished.

Vanquished Creatures (others)
  An ogre (D:5)
1 creature vanquished.

Grand Total: 107 creatures vanquished

Notes
Turn   | Place    | Note
--------------------------------------------------------------
     0 | D:1      | Heini, the Hill Orc Fighter, began the quest for the Orb.
     0 | D:1      | Reached XP level 1. HP: 19/19 MP: 1/1
   111 | D:1      | Found a shattered altar of Ashenzari.
   359 | D:1      | Reached skill level 4 in Fighting
   370 | D:1      | Reached XP level 2. HP: 27/27 MP: 2/2
  1090 | D:2      | Reached XP level 3. HP: 23/33 MP: 3/3
  1219 | D:2      | Reached XP level 4. HP: 10/41 MP: 4/4
  1730 | D:2      | Reached skill level 1 in Dodging
  2044 | D:2      | Reached XP level 5. HP: 47/47 MP: 5/5
  2185 | D:3      | Found a snail-covered altar of Cheibriados.
  2186 | D:3      | Noticed an elephant slug
  2191 | D:3      | Noticed an elephant slug
  2191 | D:3      | Noticed an elephant slug
  2191 | D:3      | Noticed Terence
  2199 | D:3      | Killed Terence
  2221 | D:3      | Found a basalt altar of Yredelemnul.
  2270 | D:3      | Reached skill level 5 in Fighting
  3024 | D:4      | Reached skill level 5 in Axes
  3024 | D:4      | Reached XP level 6. HP: 43/56 MP: 6/6
  3060 | D:4      | Gained mutation: You can breathe flames. [potion of beneficial mutation]
  3096 | D:4      | Noticed Blork the orc
  3104 | D:4      | Killed Blork the orc
  3111 | D:4      | Found a shimmering altar of Xom.
  3174 | D:4      | Found a staircase to the Ecumenical Temple.
  3277 | D:5      | Entered Level 5 of the Dungeon
  3289 | D:5      | Reached skill level 6 in Axes
  3313 | D:5      | Found Peidwocvu's Armour Shoppe.
  3386 | D:5      | Found a radiant altar of Vehumet.
  3435 | D:5      | Reached XP level 7. HP: 62/62 MP: 7/7
  3641 | D:5      | Found a radiant altar of Vehumet.
  3847 | Temple   | Entered the Ecumenical Temple
  3865 | Temple   | Became a worshipper of Warmaster Okawaru
  4124 | D:6      | Reached skill level 7 in Axes
  4218 | D:6      | Found a glowing silver altar of Zin.
  4314 | D:6      | Slain by an orc warrior

Action                   |  1- 3 |  4- 6 |  7- 9 || total
-------------------------+-------+-------+-------++-------
Melee: War axe           |   105 |   185 |   102 ||   392
 Abil: Breathe Fire      |       |     1 |       ||     1
  Use: Scroll            |     6 |     6 |     3 ||    15
       Potion            |       |     1 |     1 ||     2
